 Dungeon Crawl Stone Soup version 0.18-a0-674-g00855b9 (webtiles) character file.

11226 Korkiloff the Tainter (level 11, 0/89 HPs)
             Began as a Grey Draconian Venom Mage on Dec 6, 2015.
             Was an Elder of Sif Muna.
             Hit by a javelin thrown by Urug (10 damage)
             ... on level 11 of the Dungeon.
             The game lasted 01:08:48 (10429 turns).

Korkiloff the Tainter (Grey Draconian Venom Mage)  Turns: 10429, Time: 01:08:49

Health: 0/89       AC: 13    Str: 11    XL:     11   Next: 46%
Magic:  14/31      EV: 15    Int: 24    God:    Sif Muna [****..]
Gold:   518        SH:  0    Dex: 11    Spells: 5 memorised, 9 levels left

rFire  . . .     SeeInvis .     Z - +7 falchion (holy)
rCold  . . .     Clarity  .     (armour unavailable)
rNeg   . . .     SustAt   .     (no shield)
rPois  .         Gourm    .     (helmet restricted)
rElec  .         Spirit   .     (no cloak)
rCorr  .         Dismiss  .     v - +0 pair of gloves
rMut   .         Stasis   .     (no boots)
MR     .....                    (no amulet)
Stlth  +++.......               l - +5 ring of slaying
                                w - ring of magical power

@: brilliant, not resistant to hostile enchantments, fairly stealthy
A: walk through water, unfitting armour, unbreathing, cold-blooded, AC +12
a: Channel Energy, Forget Spell, Renounce Religion


You were on level 11 of the Dungeon.
You worshipped Sif Muna.
Sif Muna was greatly pleased with you.
You were not hungry.

You visited 2 branches of the dungeon, and saw 12 of its levels.
You also visited: Ossuary.

You collected 518 gold pieces.

Inventory:

Hand Weapons
 r - a +4 quarterstaff of chaos
 y - a +3 shortbow of flaming
 C - a +0 dagger of venom
 U - a +0 flail
 Z - a +7 falchion of holy wrath (weapon)
Missiles
 j - 8 arrows of flame
 p - 6 tomahawks (quivered)
 q - 2 javelins
 t - 191 arrows
 X - 17 poisoned arrows
Armour
 v - a +0 pair of gloves (worn)
 K - a +0 buckler
Jewellery
 h - an uncursed ring of flight
 l - a +5 ring of slaying (right hand)
 w - a ring of magical power (left hand)
 E - an uncursed amulet of stasis
 I - an uncursed ring of fire
 T - a +3 ring of dexterity
Wands
 m - a wand of digging (18)
 A - a wand of magic darts (6)
 G - a wand of teleportation (0)
 P - a wand of digging (3)
Scrolls
 e - a scroll of vulnerability {unknown}
 f - 4 scrolls of identify
 i - a scroll of remove curse
 k - 4 scrolls of teleportation {unknown}
 n - 4 scrolls of magic mapping {unknown}
 B - 3 scrolls of amnesia {unknown}
 F - 2 scrolls of random uselessness {unknown}
 H - a scroll of recharging
 J - 2 scrolls of enchant armour {unknown}
Potions
 g - 2 potions of curing
 o - 2 potions of lignification {unknown}
 z - 2 potions of haste {unknown}
 D - 2 potions of agility {unknown}
 M - 2 potions of magic
 N - 2 potions of beneficial mutation {unknown}
 O - 2 potions of cancellation {unknown}
 Q - a potion of flight
 R - 5 potions of brilliance
Books
 a - a Young Poisoner's Handbook

   Spells                             Type                      Level
   a - Sting                          Conjuration/Poison           1
   b - Cure Poison                    Poison                       2
   c - Mephitic Cloud                 Conjuration/Poison/Air       3
   d - Olgreb's Toxic Radiance        Poison                       4
   e - Venom Bolt                     Conjuration/Poison           5
Comestibles
 b - 8 bread rations
 c - 11 chunks of flesh
 u - 10 royal jellies
 x - 7 meat rations
 L - 4 beef jerkies
 Y - 3 fruits


   Skills:
 + Level 6.0 Fighting
 + Level 5.8 Long Blades
 + Level 2.6(2.7) Maces & Flails
 + Level 0.8(1.9) Staves
 + Level 1.5 Bows
 + Level 1.5 Throwing
 + Level 7.4 Dodging
 + Level 5.8 Stealth
 + Level 7.3 Spellcasting
 + Level 6.0 Conjurations
 + Level 1.7 Air Magic
 + Level 8.4 Poison Magic
 + Level 0.2 Evocations


You had 9 spell levels left.
You knew the following spells:

 Your Spells              Type           Power        Failure   Level  Hunger
a - Sting                 Conj/Pois      ####         1%          1    None
b - Cure Poison           Pois           ######....   1%          2    None
c - Mephitic Cloud        Conj/Pois/Air  #####...     1%          3    None
d - Venom Bolt            Conj/Pois      ######....   1%          5    #####..
e - Olgreb's Toxic Radia  Pois           ######..     1%          4    ###....


Dungeon Overview and Level Annotations

Branches:
Dungeon (11/15)            Temple (0/1) D:7            Lair (1/8) D:8
    Orc: D:9-12

Altars:
Ashenzari
Cheibriados
Dithmenos
Elyvilon
Fedhas
Gozag
Kikubaaqudgha
Pakellas
Qazlal
Ru
Sif Muna
Yredelemnul
Zin
The Shining One

Annotations:
D:10 Nergalle
D:11 Urug


Innate Abilities, Weirdness & Mutations

You can walk through water.
Your dull iron-grey scales are very hard (AC +12).
Your body does not fit into most forms of armour.
You can survive without breathing.
You are cold-blooded and may be slowed by cold attacks.


Message History

Urug is lightly wounded.
The orc wizard mumbles some strange words.
The orc wizard blinks!
Urug is engulfed in noxious fumes.
Urug appears confused.
Casting: Sting
Confirm with . or Enter, or press ? or * to list all spells.
Aiming: Sting
Press: ? - help, Shift-Dir - straight line, f/p - Urug
Aim: Urug, wielding a war axe and wearing a ring mail (lightly wounded, confused)
The sting hits Urug.
Urug appears unharmed.
Urug is lightly wounded.
Urug drinks a potion.
Urug is healed!
Urug seems less confused.
Casting: Sting
Confirm with . or Enter, or press ? or * to list all spells.
Aiming: Mephitic Cloud
Press: ? - help, Shift-Dir - straight line, f/p - Urug
Aim: Urug, wielding a war axe and wearing a ring mail The ball explodes into a vile cloud!
The stinking cloud engulfs Urug.
Urug is engulfed in noxious fumes.
Urug throws a javelin.
The javelin hits you!
You die...

### ## #@# ... #)# .... #§#
#### .o..) ##§# #..# ####
...o..###§o# #..# #...
...oo.†(.§######.### #.##
........#......#...#####.#
........######........<))##
......#.. ###...###.)...


You could see Urug.

Vanquished Creatures
  A hydra (Lair:1)
  Erica (D:9)
  2 hill giants
  3 spiny frogs (Lair:1)
  A kobold demonologist (D:11)
  6 blink frogs (Lair:1)
  A two-headed ogre (D:8)
  Prince Ribbit (D:6)
  3 yaks
  A deep elf mage (D:11)
  A hungry ghost (D:11)
  Eustachio (D:5)
  A steam dragon (D:10)
  2 hippogriffs
  4 ice beasts
  A porcupine (Lair:1)
  A water moccasin (Lair:1)
  A sky beast (D:10)
  4 orc warriors
  A wasp (D:8)
  7 ogres
  9 centaurs
  2 phantoms
  7 giant frogs
  A wyvern skeleton (D:8)
  2 scorpions
  3 electric eels (Lair:1)
  2 giant frog skeletons (D:9)
  8 orc wizards
  3 crimson imps
  7 hounds
  5 jellies
  Crazy Yiuf (D:6)
  2 centaur skeletons
  7 orc priests
  A gnoll shaman (D:5)
  10 worker ants
  2 iguanas
  4 hound skeletons
  2 mummies
  2 worker ant zombies
  9 adders
  11 gnolls
  6 river rats
  A shadow imp (D:4)
  5 oozes (D:9)
  An adder skeleton (D:6)
  6 worms
  4 giant geckos
  36 orcs
  3 giant cockroaches
  7 hobgoblins
  9 jackals
  9 kobolds
  4 quokkas
  2 ball pythons
  7 bats
  A giant gecko zombie (D:6)
  6 giant newts
  10 goblins
  A jackal zombie (D:8)
  A quokka zombie (D:8)
  7 rats
270 creatures vanquished.

Vanquished Creatures (others)
  A human (D:2)
  2 river rats (Lair:1)
  A plant (Ossuary)
4 creatures vanquished.

Grand Total: 274 creatures vanquished

Notes
Turn   | Place    | Note
--------------------------------------------------------------
     0 | D:1      | Korkiloff the Draconian Venom Mage began the quest for the Orb.
     0 | D:1      | Reached XP level 1. HP: 14/14 MP: 3/3
   270 | D:1      | Reached XP level 2. HP: 18/20 MP: 1/5
   712 | D:1      | Reached XP level 3. HP: 13/26 MP: 4/6
  1126 | D:2      | Learned a level 2 spell: Cure Poison
  1130 | D:2      | Learned a level 3 spell: Mephitic Cloud
  1305 | D:2      | Found a stormy altar of Qazlal.
  1305 | D:2      | Found a blossoming altar of Fedhas.
  1326 | D:2      | Found a glowing silver altar of Zin.
  1326 | D:2      | Found a shadowy altar of Dithmenos.
  1331 | D:2      | Found a sacrificial altar of Ru.
  1334 | D:2      | Found a white marble altar of Elyvilon.
  1522 | D:2      | Reached skill level 1 in Conjurations
  1522 | D:2      | Reached XP level 4. HP: 34/34 MP: 5/7
  1738 | D:2      | Found an opulent altar of Gozag.
  1744 | D:2      | Found a glowing golden altar of the Shining One.
  1875 | D:2      | Found an ancient bone altar of Kikubaaqudgha.
  1876 | D:2      | Noticed a human
  1878 | D:2      | Killed a human
  2079 | D:3      | Found an oddly glowing altar of Pakellas.
  2174 | D:3      | Found a snail-covered altar of Cheibriados.
  2362 | D:3      | Reached XP level 5. HP: 28/39 MP: 9/9
  2392 | D:3      | Reached skill level 1 in Maces & Flails
  2639 | D:3      | Reached skill level 1 in Fighting
  3059 | D:4      | Reached XP level 6. HP: 47/47 MP: 10/10
  3066 | D:4      | Found a deep blue altar of Sif Muna.
  3074 | D:4      | Became a worshipper of Sif Muna the Loreminder
  3208 | D:4      | Found a shattered altar of Ashenzari.
  3479 | D:5      | Entered Level 5 of the Dungeon
  3484 | D:5      | Reached skill level 5 in Poison Magic
  3756 | D:5      | Found a sand-covered staircase.
  3763 | Ossuary  | Entered an ossuary
  3865 | D:5      | Your scales start taking on a dull iron-grey colour.
  3865 | D:5      | Gained mutation: You can survive without breathing. [Grey Draconian growth]
  3865 | D:5      | Reached XP level 7. HP: 33/53 MP: 11/12
  3983 | D:5      | Noticed Eustachio
  4008 | D:5      | Killed Eustachio
  4008 | D:5      | Reached * piety under Sif Muna
  4580 | D:6      | Reached skill level 6 in Poison Magic
  4580 | D:6      | Reached XP level 8. HP: 61/61 MP: 14/14
  4587 | D:6      | Learned a level 5 spell: Venom Bolt
  4598 | D:6      | Reached skill level 1 in Long Blades
  5096 | D:6      | Reached skill level 1 in Air Magic
  5174 | D:6      | Reached ** piety under Sif Muna
  5190 | D:6      | Learned a level 4 spell: Olgreb's Toxic Radiance
  5246 | D:6      | Noticed Prince Ribbit
  5260 | D:6      | Killed Prince Ribbit
  5354 | D:6      | Reached XP level 9. HP: 63/68 MP: 16/16
  5406 | D:6      | Noticed Crazy Yiuf
  5419 | D:6      | Killed Crazy Yiuf
  5783 | D:7      | Reached skill level 5 in Spellcasting
  5905 | D:7      | Found a staircase to the Ecumenical Temple.
  6310 | D:7      | Reached skill level 5 in Dodging
  6391 | D:7      | Found a basalt altar of Yredelemnul.
  6678 | D:8      | Reached skill level 7 in Poison Magic
  6909 | D:8      | Found a staircase to the Lair.
  7214 | D:8      | Reached skill level 1 in Throwing
  7415 | D:9      | Reached skill level 5 in Conjurations
  7463 | D:9      | Reached XP level 10. HP: 53/78 MP: 18/18
  7648 | D:9      | Noticed Erica
  7669 | D:9      | Killed Erica
  8093 | Lair:1   | Entered Level 1 of the Lair of Beasts
  8213 | Lair:1   | Reached skill level 5 in Stealth
  8246 | Lair:1   | Reached *** piety under Sif Muna
  8373 | Lair:1   | Reached skill level 5 in Fighting
  8664 | Lair:1   | Reached skill level 5 in Long Blades
  9025 | Lair:1   | Noticed a four-headed hydra
  9058 | Lair:1   | Killed a five-headed hydra
  9058 | Lair:1   | Reached skill level 1 in Bows
  9058 | Lair:1   | Reached skill level 8 in Poison Magic
  9058 | Lair:1   | Reached XP level 11. HP: 15/89 MP: 21/21
  9532 | D:10     | Entered Level 10 of the Dungeon
  9598 | D:10     | Noticed a hill giant
  9611 | D:10     | Killed a hill giant
  9903 | D:10     | Noticed Nergalle
 10161 | D:11     | Reached **** piety under Sif Muna
 10173 | D:11     | Noticed a hill giant
 10219 | D:11     | Killed a hill giant
 10402 | D:11     | Noticed Urug
 10420 | D:11     | HP: 3/89 [orc warrior/enchanted trident (20)]
 10429 | D:11     | Hit by a javelin thrown by Urug

Vault maps used:
D:1:      erik_arrival_cave_to_civilisation
D:2:      minitemple, grunt_temple_overflow_open, minmay_stone_trees_medium,
          tgw_kikubaaqudgha
D:3:      old_standard_altar, lemuel_round_altar, minmay_crystal_water
D:4:      ashenzari_conservatory_becter, first_bread, tgw_sif
D:5:      nicolae_ossuary_entry_ruins, uniq_eustachio
D:6:      uniq_crazy_yiuf_cottage, uniq_prince_ribbit1
D:7:      lemuel_round_altar, minmay_temple_entry_statues
D:8:      dpeg_lair_monsters
D:9:      hangedman_little_slice_of_home, uniq_erica
D:10:     dk_rats_in_the_wall, uniq_nergalle
D:11:     uniq_urug, uniq_gastronok
Lair:1:   serial_bayou_shore_b, grunt_megastairs_2, serial_bayou_shore_a
Ossuary:  ossuary_zaba_flooded

Action                   |  1- 3 |  4- 6 |  7- 9 | 10-12 || total
-------------------------+-------+-------+-------+-------++-------
Melee: Club              |    28 |       |       |       ||    28
       Unarmed           |     1 |       |       |       ||     1
       Mace              |    25 |    51 |       |       ||    76
       Morningstar       |       |    21 |       |       ||    21
       Flail             |       |    25 |    11 |       ||    36
       Falchion          |       |       |   183 |   218 ||   401
       Quarterstaff      |       |       |     5 |     3 ||     8
 Fire: Shortbow          |       |       |    12 |    14 ||    26
Throw: Tomahawk          |       |       |     8 |     6 ||    14
       Javelin           |       |       |     2 |       ||     2
 Cast: Sting             |    41 |    78 |    99 |   119 ||   337
       Cure Poison       |     1 |       |     1 |     2 ||     4
       Mephitic Cloud    |       |     7 |    12 |    23 ||    42
       Olgreb's Toxic Ra |       |       |     1 |       ||     1
       Venom Bolt        |       |       |       |     1 ||     1
Evoke: Wand              |       |       |       |     3 ||     3
  Use: Potion            |       |       |     1 |     7 ||     8
       Scroll            |       |       |       |    14 ||    14
 Stab: Sleeping          |     3 |     2 |     7 |     4 ||    16
       Confused          |       |     2 |       |     9 ||    11
  Eat: Chunk             |     3 |     8 |    13 |    11 ||    35
       Fruit             |       |       |       |     1 ||     1
